 Dungeon Crawl Stone Soup version 0.27-a0-1158-gaa87e14f67 (webtiles) character file.

Game seed: 7634108229434509699

211 leviel the Magician (level 6, 0/40 HPs)
             Began as a Djinni Ice Elementalist on May 15, 2021.
             Killed from afar by an orc wizard (1 damage)
             ... with a puff of flame
             ... on level 4 of the Dungeon.
             The game lasted 00:09:40 (5331 turns).

leviel the Magician (Djinni Ice Elementalist)       Turns: 5331, Time: 00:09:41

Health: 0/40       AC:  3    Str:  7    XL:     6   Next: 13%
Gold:   124        EV: 12    Int: 19    God:
                   SH:  0    Dex: 13

rFire    + + .     SeeInvis .   (no weapon)
rCold    x . .     Faith    .   (no shield)
rNeg     . . .     Spirit   .   a - +0 robe
rPois    ∞         Reflect  .   (no helmet)
rElec    .         Harm     .   (no cloak)
rCorr    .         Rampage  .   i - +0 pair of gloves
Will     .....                  (boots unavailable)
Stlth    ++........             (no amulet)
HPRegen  0.13/turn              (no ring)
MPRegen  0.00/turn              (no ring)

@: brilliant, flying
A: sickness immunity, fire resistance 2, cold vulnerability 1, float, innate
caster, hp casting, extra vitality 1
a: no special abilities


You were on level 4 of the Dungeon.
You visited 1 branch of the dungeon, and saw 4 of its levels.

You collected 124 gold pieces.

Inventory:

Armour
 a - a +0 robe (worn)
 i - a +0 pair of gloves (worn)
Scrolls
 c - 2 scrolls of identify {unknown}
 e - 2 scrolls of fog {unknown}
 f - a scroll of teleportation {unknown}
 h - a scroll of noise {unknown}
 j - a scroll of fear {unknown}
Potions
 b - a potion of curing {unknown}
 d - a potion of brilliance
 g - 2 potions of resistance {unknown}


   Skills:
 + Level 0.2 Fighting
 * Level 1.6 Throwing
 + Level 2.7 Dodging
 + Level 1.7 Stealth
 * Level 4.8 Spellcasting


You couldn't memorise any spells.
You knew the following spells:

 Your Spells              Type           Power      Damage    Failure   Level
a - Freeze                Ice            100%       1d11      1%          1
b - Frozen Ramparts       Ice            68%        1d8       4%          3
c - Ozocubu's Armour      Ice            34%        N/A       4%          3
d - Hailstorm             Conj/Ice       34%        3d9       17%         4
e - Metabolic Englaciati  Hex/Ice        17%        N/A       43%         5
f - Foxfire               Conj/Fire      100%       2x1d9     1%          1
g - Static Discharge      Conj/Air       34%        N/A       2%          2
Your spell library was empty.

Dungeon Overview and Level Annotations

Branches:
Dungeon (4/15)
 Temple: D:4-7

Altars:
Elyvilon

Shops:
D:1 (   D:2 [**:*


Innate Abilities, Weirdness & Mutations

You are immune to sickness and miasma.
You are immune to poison.
Your flesh is very heat resistant. (rF++)
You are vulnerable to cold. (rC-)
You float through the air rather than walking.
You learn spells naturally, not from books.
Your magical power is your life essence.
You have superior vitality. (+4 HP)


Message History

You miss something. Something hits you. Something freezes you.
Something hits you.
* * * LOW HITPOINT WARNING * * *
Something hits you but does no damage.
You hear some strange, mumbled words.
You are more confused.
You hear some strange, mumbled words.
Something tries to affect you, but you resist.
You are too confused!
You bump into the rock wall.
Something hits you.
* * * LOW HITPOINT WARNING * * *
Something hits you.
* * * LOW HITPOINT WARNING * * *
Something freezes you.
* * * LOW HITPOINT WARNING * * *
The kobold throws a poisoned dart.
The poisoned dart barely misses you.
You hear some strange, mumbled words.
You're too confused to move!
You hear some strange, mumbled words.
Something tries to affect you, but you resist.
The kobold hits you with a +0 short sword.
* * * LOW HITPOINT WARNING * * *
Something hits you.
* * * LOW HITPOINT WARNING * * *
Something hits you.
* * * LOW HITPOINT WARNING * * *
Something freezes you.
* * * LOW HITPOINT WARNING * * *
The kobold misses you.
You feel less confused.
You hear some strange, mumbled words.
Something tries to affect you, but you resist.
You don't have enough health to cast this spell.
Okay, then.
It was a potion of brilliance.
You feel clever all of a sudden.
You hear some strange, mumbled words.
A puff of flame appears from out of thin air!
The puff of flame hits you. You resist.
You die...

###...)..!###
#..........
#..........
#......(...
#..........
#..........
#..{.....<.
#{K...[....
#@.........
#..........
#######....
.... #..


You could see a kobold.

Vanquished Creatures
  An orc priest (D:4)
  An orc wizard (D:3)
  2 adders
  5 gnolls
  4 dart slugs
  7 orcs (D:3)
  4 endoplasms
  6 giant cockroaches
  4 goblins
  6 hobgoblins
  10 jackals
  2 quokkas
  4 ball pythons
  7 bats
  3 frilled lizards
  3 kobolds
  3 rats
72 creatures vanquished.

Vanquished Creatures (others)
  219 foxfires
219 creatures vanquished.

Grand Total: 291 creatures vanquished

Notes
Turn   | Place    | Note
-------+----------+-------------------------------------------
     0 | D:1      | leviel the Djinni Ice Elementalist began the quest for the
                  | Orb.
     0 | D:1      | Reached XP level 1. HP: 15/15 MP: 0/0
   386 | D:1      | Reached XP level 2. HP: 20/21 MP: 0/0
   610 | D:1      | HP: 1/21 [quokka (3)]
  1123 | D:1      | Found a faded altar of an unknown god.
  1133 | D:1      | Reached XP level 3. HP: 3/25 MP: 0/0
  1133 | D:1      | Learned a level 1 spell: Foxfire
  1467 | D:1      | Found Zudap's Weapon Shop.
  1914 | D:1      | Reached skill level 4 in Spellcasting
  2731 | D:2      | Reached XP level 4. HP: 25/31 MP: 0/0
  2928 | D:2      | Found Gaqeqer's Book Boutique.
  2933 | D:2      | Found Coutt's Assorted Antiques.
  3239 | D:2      | Found Feighoid's General Store.
  3347 | D:2      | Found Neunkear's General Store.
  3378 | D:2      | Found Vastram's Antique Armour Shop.
  3440 | D:2      | Found a white marble altar of Elyvilon.
  3893 | D:3      | Reached skill level 1 in Throwing
  3893 | D:3      | Reached XP level 5. HP: 29/35 MP: 0/0
  3893 | D:3      | Learned a level 2 spell: Static Discharge
  5308 | D:4      | Reached XP level 6. HP: 34/40 MP: 0/0
  5329 | D:4      | HP: 2/40 [something (1)]
  5331 | D:4      | Killed from afar by an orc wizard

Illustrated notes

Levels and vault maps discovered:
D:1:      tarquinn_simple_flora_water_b, layout_basic,
          ebering_ecumenical_altar_petrified, serial_shops, shop_fountains
D:2:      layout_basic, serial_shops, shop, nicolae_shop_crystal, shop, shop,
          nicolae_shop_temple_entry_statues_fountains, basic_altar
D:3:      layout_basic
D:4:      layout_basic, uniq_menkaure

Skill      XL: |  1  2  3  4 |
---------------+-------------+-----
Spellcasting   | 4 |  4.8
Throwing       | 1 |  1.6
Fighting       | |  0.2
Dodging        | |  2.7
Stealth        | |  1.7

Action                   |  1- 3 |  4- 6 || total
-------------------------+-------+-------++-------
Melee: Unarmed           |     6 |     5 ||    11
 Cast: Freeze            |    39 |       ||    39
       Foxfire           |    27 |   119 ||   146
  Use: Potion            |       |     1 ||     1
Armor: Robe              |     7 |    10 ||    17
Dodge: Dodged            |    27 |    22 ||    49

Table legend: (Time is in decaauts)
 A = Elapsed time spent in this place.
 B = Non-inter-level travel time spent in this place.
 C = Inter-level travel time spent in this place.
 D = Time resting spent in this place.
 E = Time spent auto-exploring this place.
 F = Levels seen in this place.
 G = Mean time per level.
                   A        B        C        D        E       F      G
               +--------+--------+--------+--------+--------+-----+--------+
         Total |   5330 |   5237 |     93 |   1351 |   3414 |   4 | 1332.5 |
       Dungeon |   5330 |   5237 |     93 |   1351 |   3414 |   4 | 1332.5 |
               +--------+--------+--------+--------+--------+-----+--------+

Top non-repeatable levels by time:
     D:1: 2375 daAuts
     D:3: 1597 daAuts
     D:2: 1304 daAuts
     D:4: 52 daAuts
